 Dungeon Sprint DCSS version 0.22.1-2-g9c5b331 (webtiles) character file.

86181 diana the Intangible (level 15, -5/156 HPs)
             Began as a Merfolk Gladiator on Dec 15, 2018.
             Was an Elder of Cheibriados (penitent).
             Slain by a shadow dragon (7 damage)
             ... while paralysed by a great orb of eyes
             ... in the Dungeon (Sprint VII: "The Pits").
             The game lasted 00:23:38 (5450 turns).

diana the Intangible (Merfolk Gladiator)            Turns: 5450, Time: 00:23:39

Health: -5/156     AC: 28    Str: 21    XL:     15   Next: 86%
Magic:  23/23      EV:  2    Int:  5    God:    Cheibriados [*]
Gold:   58         SH:  0    Dex: 18    Spells: 14/14 levels left

rFire    + + .     SeeInvis +   C - +0 bardiche (venom)
rCold    + + .     Gourm    .   (shield currently unavailable)
rNeg     . . .     Faith    .   B - +2 gold dragon scales
rPois    +         Spirit   .   v - +1 helmet {SInv}
rElec    .         Reflect  .   (no cloak)
rCorr    .         Harm     .   c - +1 pair of gloves
MR       +....     NoTele   +   q - +1 pair of boots
Stlth    ..........             k - amulet of Xom's Sleight of Hands {RegenMP rF+ rC+ Int-3}
HPRegen  0.36/turn              s - +3 ring of dexterity
MPRegen  0.43/turn              t - +3 ring of evasion

@: paralysed, lethally poisoned (-5 -> -21), very slightly contaminated, heavily
drained, invisible, very slow
A: change form in water, swift swim, stealthy swim
a: Renounce Religion


You were in the Dungeon.
You worshipped Cheibriados.
Cheibriados was demanding penance.
You were very hungry.

You visited 1 branch You collected 58 gold pieces.

Inventory:

Hand Weapons
 C - a +0 bardiche of venom (weapon)
 D - the +6 fustibalus "Plog" {velocity, +Fly rF+}
   (You found it in the Dungeon)

   Any stone fired from it inflicts extra damage.
   It protects you from fire.
   It lets you fly.
Missiles
 d - 3 throwing nets (quivered)
Armour
 c - a +1 pair of gloves (worn)
 q - a +1 pair of boots (worn)
 v - a +1 helmet of see invisible (worn)
 B - +2 gold dragon scales (worn)
 F - a +0 large shield
Jewellery
 a - an uncursed ring of protection from magic
 k - the amulet of Xom's Sleight of Hands (around neck) {RegenMP rF+ rC+ Int-3}
   (You took it off a spriggan rider in the Dungeon)

   [amulet of magic regeneration]

   It increases your magic regeneration.
   It affects your intelligence (-3).
   It protects you from fire.
   It protects you from cold.
 s - a +3 ring of dexterity (left hand)
 t - a +3 ring of evasion (right hand)
Scrolls
 b - a scroll of enchant armour
 n - 7 scrolls of remove curse
 o - 5 scrolls of amnesia
 y - 4 scrolls of enchant weapon
 A - 3 scrolls of fog
Potions
 e - 9 potions of curing
 g - 8 potions of heal wounds
 j - 8 potions of berserk rage
 l - a potion of might
 m - a potion of invisibility
 u - a potion of brilliance
 x - a potion of agility
 z - a potion of mutation
Miscellaneous
 w - a lamp of fire
Comestibles
 f - 13 rations
 E - 2 chunks of flesh


   Skills:
 * Level 25.9(23.0) Fighting
 - Level 26.0(23.0) Polearms
 - Level 2.0(0.3) Throwing
 + Level 14.5(12.2) Armour
 O Level 27(23.9) Dodging
 - Level 11.5(9.3) Invocations


You had 14 spell levels left.
You didn't know any spells.
Your spell library contained the following spells:

 Spells                   Type           Power        Failure   Level  Hunger
 Cause Fear               Hex            #.........   100%        4    #####..
 Silence                  Hex/Air        #.........   100%        5    ######.
 Yara's Violent Unravell  Hex/Tmut       #.........   100%        5    ######.
 Deflect Missiles         Chrm/Air       #.........   100%        6    #######
 Discord                  Hex            #.........   100%        8    #######


Dungeon Overview and Level Annotations

Branches:
Dungeon (1/1)

Altars:
Ashenzari
Cheibriados
Dithmenos
Elyvilon
Fedhas
Gozag
Hepliaklqana
Kikubaaqudgha
Makhleb
Nemelex Xobeh
Okawaru
Qazlal
Ru
Sif Muna
Trog
Uskayaw
Vehumet
Wu Jian
Xom
Yredelemnul
Zin
The Shining One
Beogh
Jiyva
Lugonu


Message History

* * * LOW HITPOINT WARNING * * *
You are lethally poisoned!
The wolf spider poisons you! The necromancer casts a spell at you.
The shadow dragon resists with almost no effort.
The soul eater completely misses you.
The shadow dragon bites you but does no damage.
The shadow dragon claws you but does no damage. x2
You feel less confused.
* * * LOW HITPOINT WARNING * * *
You feel very sick.
The wolf spider hits you but does no damage.
The wolf spider bites you but does no damage.
The great orb of eyes bites you but does no damage.
The soul eater hits you but does no damage.
The wolf spider hits you.
* * * LOW HITPOINT WARNING * * *
The wolf spider bites you but does no damage.
The shadow dragon bites you!
You die...

.## ####...%....### .p#
####)'#### #m# .p.....C).....m
.p# .p.m..##)...... #.#
pp..p......†).. ..#
..####'p####... #####++## .##
####......(.#### #........
).####......##.DG...#####........
#..)...))p).)N(s@......''..#....#
#..'........)).3...).).''÷.......
#########################........
#######################..#....#
#....................''........
#....................''........
#..################..##..#....#
#..##.#.#.#.#.#.#.#..##........
#..#.#.#.#.#)#.#.##..##........


You could see a shadow dragon, a merfolk javelineer, a great orb of eyes, 2 hell
knights, a soul eater, a wolf spider, a necromancer (invisible) and a naga mage.

Vanquished Creatures
  An orb of fire (D)
  Rupert (D)
  A deep elf master archer (D)
  A deep elf blademaster (D)
  A storm dragon (D)
  Agnes (D)
  A shadow dragon (D)
  A fire giant (D)
  A frost giant (D)
  2 nagarajas (D)
  A daeva (D)
  2 emperor scorpions (D)
  2 balrugs (D)
  2 orc warlords (D)
  A war gargoyle (D)
  An apis (D)
  A white draconian (D)
  A dire elephant (D)
  2 minotaurs (D)
  A green draconian (D)
  A yellow draconian (D)
  A yaktaur captain (D)
  A hydra (D)
  4 vault guards (D)
  2 centaur warriors (D)
  A rakshasa (D)
  2 catoblepae (D)
  2 naga warriors (D)
  A merfolk avatar (D)
  A death knight (D)
  A merfolk aquamancer (D)
  7 death yaks (D)
  A dancing weapon (D)
  3 deep elf knights (D)
  A sun demon (D)
  An iron troll (D)
  2 fire crabs (D)
  3 skeletal warriors (D)
  A deep troll (D)
  A swamp dragon (D)
  2 spriggan druids (D)
  A cherub (D)
  A wizard (D)
  A phantasmal warrior (D)
  11 orc knights (D)
  14 harpies (D)
  An elephant (D)
  3 deep elf magi (D)
  3 cyclopes (D)
  2 black mambas (D)
  An eye of devastation (D)
  A spiny frog (D)
  2 orange demons (D)
  A kobold demonologist (D)
  A freezing wraith (D)
  3 red devils (D)
  4 ice devils (D)
  4 jumping spiders (D)
  A wandering mushroom (D)
  A merfolk (D)
  A hornet (D)
  A guardian mummy (D)
  3 blink frogs (D)
  4 redbacks (D)
  A spriggan (D)
  A flying skull (D)
  5 water elementals (D)
  2 vampires (D)
  A wyvern (D)
  A fire bat (D)
  2 large abominations (D)
  A hungry ghost (D)
  5 nagas (D)
  A warg (D)
  4 insubstantial wisps (D)
  2 acid dragons (D)
  A floating eye (D)
  An ice beast (D)
  Purgy (D)
  3 eyes of draining (D)
  A wolf (D)
  A centaur (D)
  An earth elemental (D)
  2 scorpions (D)
  A crimson imp (D)
  2 jellies (D)
  4 orc priests (D)
  An orc wizard (D)
  2 gnoll shamans (D)
  An iron imp (D)
  A worker ant (D)
  A small abomination (D)
  8 gnolls (D)
  A river rat (D)
  A white imp (D)
  3 oozes (D)
  A worm (D)
  A leopard gecko (D)
  8 orcs (D)
  A ball python (D)
  A giant cockroach (D)
  A goblin (D)
  A hobgoblin (D)
  4 jackals (D)
  A kobold (D)
  A quokka (D)
  2 bats (D)
  3 frilled lizards (D)
  A giant cockroach simulacrum (D)
  A jackal simulacrum (D)
  A leopard gecko zombie (D)
220 creatures vanquished.

Notes
Turn   | Place    | Note
-------+----------+-------------------------------------------
     0 | D        | diana the Merfolk Gladiator began the quest for the Orb.
     0 | D        | Reached XP level 1. HP: 16/16 MP: 1/1
    12 | D        | Reached skill level 5 in Polearms
    39 | D        | Found a glowing golden altar of the Shining One.
    39 | D        | Found a glowing silver altar of Zin.
    39 | D        | Found a basalt altar of Yredelemnul.
    39 | D        | Found a shimmering altar of Xom.
    39 | D        | Found an ornate altar of the Wu Jian Council.
    39 | D        | Found a bloodstained altar of Trog.
    39 | D        | Found a deep blue altar of Sif Muna.
    39 | D        | Found a sacrificial altar of Ru.
    39 | D        | Found a stormy altar of Qazlal.
    39 | D        | Found an iron altar of Okawaru.
    39 | D        | Found a sparkling altar of Nemelex Xobeh.
    39 | D        | Found a burning altar of Makhleb.
    39 | D        | Found a viscous altar of Jiyva.
    39 | D        | Found a hazy altar of Hepliaklqana.
    39 | D        | Found an opulent altar of Gozag.
    39 | D        | Found a blossoming altar of Fedhas.
    39 | D        | Found a white marble altar of Elyvilon.
    39 | D        | Found a shadowy altar of Dithmenos.
    39 | D        | Found a snail-covered altar of Cheibriados.
    41 | D        | Found a corrupted altar of Lugonu.
    41 | D        | Found a radiant altar of Vehumet.
    41 | D        | Found a roughly hewn altar of Beogh.
    42 | D        | Found an ancient bone altar of Kikubaaqudgha.
    42 | D        | Found a hide-covered altar of Uskayaw.
    42 | D        | Found a shattered altar of Ashenzari.
    48 | D        | Became a worshipper of Cheibriados the Contemplative
    66 | D        | Reached XP level 2. HP: 24/24 MP: 2/2
    72 | D        | Noticed a floating eye
    75 | D        | Killed a floating eye
    75 | D        | Reached * piety under Cheibriados
    75 | D        | Reached XP level 3. HP: 29/29 MP: 2/6
    75 | D        | Reached XP level 4. HP: 35/35 MP: 2/7
    76 | D        | Reached skill level 5 in Invocations
   127 | D        | Noticed a centaur
   131 | D        | Reached ** piety under Cheibriados
   136 | D        | Killed a centaur
   136 | D        | Reached XP level 5. HP: 29/41 MP: 7/9
   307 | D        | Noticed a wolf
   311 | D        | Reached *** piety under Cheibriados
   312 | D        | Noticed a hungry ghost
   321 | D        | Killed a wolf
   321 | D        | Reached **** piety under Cheibriados
   321 | D        | Reached XP level 6. HP: 40/47 MP: 9/11
   331 | D        | Killed a hungry ghost
   331 | D        | Reached XP level 7. HP: 35/52 MP: 4/13
   339 | D        | Reached ***** piety under Cheibriados
   453 | D        | Noticed Purgy
   455 | D        | Killed Purgy
   471 | D        | Reached ****** piety under Cheibriados
   489 | D        | Noticed an ice devil
   491 | D        | Reached skill level 10 in Invocations
   496 | D        | Killed an ice devil
   496 | D        | Reached XP level 8. HP: 25/58 MP: 9/16
   790 | D        | Noticed a merfolk
   790 | D        | Noticed a guardian mummy
   798 | D        | Killed a guardian mummy
   801 | D        | Killed a merfolk
  1028 | D        | Noticed a spriggan druid
  1028 | D        | Noticed a cyclops
  1029 | D        | Killed a spriggan druid
  1029 | D        | Reached skill level 5 in Fighting
  1029 | D        | Reached skill level 7 in Dodging
  1029 | D        | Reached XP level 9. HP: 54/69 MP: 17/17
  1033 | D        | Killed a cyclops
  1033 | D        | Reached skill level 9 in Dodging
  1110 | D        | Reached skill level 10 in Dodging
  1229 | D        | Noticed an orange demon
  1229 | D        | Noticed a merfolk avatar
  1233 | D        | Killed an orange demon
  1233 | D        | Reached skill level 11 in Dodging
  1233 | D        | Reached XP level 10. HP: 83/83 MP: 7/18
  1242 | D        | Killed a merfolk avatar
  1242 | D        | Reached skill level 10 in Fighting
  1242 | D        | Reached skill level 12 in Dodging
  1380 | D        | Noticed a kobold demonologist
  1389 | D        | Killed a kobold demonologist
  1390 | D        | Reached skill level 5 in Armour
  1413 | D        | Reached skill level 13 in Dodging
  1424 | D        | Noticed a cyclops
  1443 | D        | Killed a cyclops
  1484 | D        | Noticed an orange demon
  1491 | D        | Killed an orange demon
  1491 | D        | Reached skill level 14 in Dodging
  1516 | D        | Noticed a deep troll
  1523 | D        | Killed a deep troll
  1524 | D        | Noticed a centaur warrior
  1526 | D        | Noticed a swamp dragon
  1526 | D        | Noticed a black mamba
  1536 | D        | Killed a black mamba
  1536 | D        | Reached skill level 15 in Dodging
  1536 | D        | Reached XP level 11. HP: 88/96 MP: 19/19
  1539 | D        | Killed a centaur warrior
  1568 | D        | Killed a swamp dragon
  1906 | D        | Reached skill level 16 in Dodging
  2195 | D        | Noticed a phantasmal warrior
  2207 | D        | Killed a phantasmal warrior
  2209 | D        | Noticed a cyclops
  2211 | D        | Noticed a centaur warrior
  2213 | D        | Reached skill level 17 in Dodging
  2213 | D        | Killed a centaur warrior
  2219 | D        | Killed a cyclops
  2219 | D        | Reached skill level 15 in Fighting
  2641 | D        | Noticed a harpy
  2641 | D        | Noticed a harpy
  2641 | D        | Noticed a harpy
  2641 | D        | Noticed a harpy
  2641 | D        | Noticed an orc knight
  2641 | D        | Noticed an orc knight
  2641 | D        | Noticed an orc knight
  2641 | D        | Noticed an orc knight
  2642 | D        | Killed a harpy
  2642 | D        | Reached skill level 18 in Dodging
  2642 | D        | Killed a harpy
  2642 | D        | Killed a harpy
  2642 | D        | Reached XP level 12. HP: 111/111 MP: 20/20
  2642 | D        | Noticed an orc warlord
  2643 | D        | Noticed an orc warlord
  2651 | D        | Reached skill level 19 in Dodging
  2653 | D        | Killed an orc warlord
  2653 | D        | Reached skill level 20 in Dodging
  2654 | D        | Killed an orc warlord
  3082 | D        | Reached skill level 21 in Dodging
  3277 | D        | Noticed a vault guard
  3277 | D        | Noticed a vault guard
  3277 | D        | Noticed a deep elf blademaster
  3277 | D        | Noticed a white draconian
  3279 | D        | Noticed a vault guard
  3282 | D        | Killed a deep elf blademaster
  3282 | D        | Reached skill level 10 in Armour
  3282 | D        | Reached XP level 13. HP: 124/124 MP: 10/21
  3283 | D        | Killed a vault guard
  3283 | D        | Killed a vault guard
  3283 | D        | Killed a vault guard
  3283 | D        | Reached skill level 22 in Dodging
  3287 | D        | Killed a white draconian
  3419 | D        | Found the +7 mace of Variability {chain chaos}
  4002 | D        | Noticed a minotaur
  4014 | D        | Noticed a nagaraja
  4017 | D        | Reached skill level 23 in Dodging
  4022 | D        | Killed a minotaur
  4027 | D        | Killed a nagaraja
  4037 | D        | Noticed a green draconian
  4060 | D        | Killed a green draconian
  4067 | D        | Noticed an emperor scorpion
  4130 | D        | Noticed a minotaur
  4130 | D        | Noticed an emperor scorpion
  4139 | D        | Killed a minotaur
  4139 | D        | Reached XP level 14. HP: 25/136 MP: 5/22
  4142 | D        | Killed an emperor scorpion
  4142 | D        | Reached skill level 24 in Dodging
  4234 | D        | Killed an emperor scorpion
  4665 | D        | Got the +6 fustibalus "Plog" {velocity, +Fly rF+}
  4723 | D        | Noticed Agnes
  4723 | D        | Noticed a dire elephant
  4723 | D        | Noticed a storm dragon
  4724 | D        | Reached skill level 25 in Dodging
  4725 | D        | Killed Agnes
  4728 | D        | Killed a storm dragon
  4734 | D        | Killed a dire elephant
  4748 | D        | Noticed a frost giant
  4757 | D        | Killed a frost giant
  4880 | D        | Noticed a nagaraja
  4880 | D        | Noticed a shadow dragon
  4880 | D        | Noticed a fire giant
  4880 | D        | Noticed a deep elf master archer
  4881 | D        | Noticed an orb of fire
  4881 | D        | Noticed a balrug
  4882 | D        | Reached skill level 26 in Dodging
  4884 | D        | Noticed an apis
  4888 | D        | Killed an orb of fire
  4888 | D        | Reached XP level 15. HP: 54/149 MP: 23/23
  4889 | D        | Killed a fire giant
  4897 | D        | Killed a balrug
  4897 | D        | Reached skill level 27 in Dodging
  4898 | D        | Killed a shadow dragon
  4901 | D        | Killed a nagaraja
  4911 | D        | Killed a deep elf master archer
  4913 | D        | Got the amulet of Xom's Sleight of Hands {RegenMP rF+ rC+
                  | Int-3}
  5260 | D        | Noticed a balrug
  5264 | D        | Killed a balrug
  5356 | D        | Noticed Rupert
  5363 | D        | Killed Rupert
  5368 | D        | Noticed a daeva
  5387 | D        | Killed a daeva
  5401 | D        | Noticed a titan
  5406 | D        | Was placed under penance by Cheibriados
  5437 | D        | Noticed a shadow dragon
  5446 | D        | Paralysed by a great orb of eyes for 7 turns
  5449 | D        | HP: 7/156 [wolf spider (3)]
  5450 | D        | HP: 2/156 [wolf spider (2)]
  5450 | D        | Slain by a shadow dragon

Skill      XL: |  1  2  3  4  5  6  7  8  9 10 11 12 13 14 15 |
---------------+----------------------------------------------+-----
Polearms       | 5 11 13 14 16 18 20 21 23 26 | 26.0
Fighting       | 3 5 9 12 15 18 20 23 25 | 25.9
Invocations    | 4 6 7 8 10 11 | 11.5
Armour         | 2 4 6 8 10 11 12 14 | 14.5
Dodging        | 7 11 15 18 21 23 26 27 | 27.0
Throwing       | |  2.0

Action                   |  1- 3 |  4- 6 |  7- 9 | 10-12 | 13-15 || total
-------------------------+-------+-------+-------+-------+-------++-------
Melee: Trident           |    12 |    34 |    26 |       |       ||    72
       Halberd           |       |       |    46 |   152 |       ||   198
       Bardiche          |       |       |       |     9 |   178 ||   187
Invok: Slouch            |       |     1 |     6 |    15 |    47 ||    69
  Use: Potion            |       |     1 |       |     1 |    15 ||    17
       Scroll            |       |       |       |       |     3 ||     3
 Stab: Sleeping          |     2 |       |     3 |       |       ||     5
       Distracted        |       |       |       |     3 |       ||     3
       Petrified         |       |       |       |       |     7 ||     7
  Eat: Chunk             |       |       |     2 |     5 |     6 ||    13
       Ration            |       |       |       |       |     1 ||     1
Armor: Leather armour    |     1 |     7 |       |       |       ||     8
       Ring mail         |       |     4 |     7 |       |       ||    11
       Scale mail        |       |       |     5 |    32 |     1 ||    38
       Gold dragon scale |       |       |       |       |    92 ||    92
Dodge: Dodged            |     5 |    18 |    32 |   184 |   306 ||   545
